Map: [ESL] Dragon Scales

Players

Nice - Winner!

  • Race: Protoss Protoss
  • Spawn Location: 5:00

Cyan

  • Race: Protoss Protoss
  • Spawn Location: 11:00

Event: ESL SC2 Masters 2023 Summer (Regionals)

VOD

Have the link to the VOD?

Description

Time

  • Played on: May 12, 2023, 6:16 a.m.
  • Length: 15:23

All games in this series

Show
View Real Time Build Order
Export as new Build Order

Nice Protoss - Winner!

Build Orders: 1 Gate Expand 

Get SALT Encoding   

  12  0:01  Probe  
  13  0:13  Probe  
  14  0:21  Pylon  
  14  0:25  Probe  
  15  0:39  Probe (Chrono Boost), Gateway  
  16  0:49  Assimilator  
  17  0:50  Probe (Chrono Boost)  
  17  0:54  Probe (Chrono Boost)  
  19  1:17  Nexus  
  18  1:20  Probe  
  19  1:32  Cybernetics Core  
  19  1:34  Probe  
  19  1:39  Assimilator  
  20  1:45  Pylon  
  21  1:56  Pylon  
  21  1:58  Zealot (Chrono Boost)  
  23  2:13  Gateway  
  22  2:18  Shield Battery  
  22  2:21  Stalker (Chrono Boost)  
  24  2:36  Shield Battery  
  24  2:38  Shield Battery  
  24  2:43  Stalker (Chrono Boost)  
  24  2:48  Warp Gate (Chrono Boost)  
  26  2:53  Probe  
  26  2:58  Probe  
  28  3:05  Probe  
  27  3:11  Stalker  
  28  3:17  Probe (Chrono Boost)  
  30  3:20  Probe (Chrono Boost)  
  30  3:28  Stalker  
  30  3:31  Probe x2 (Chrono Boost)  
  34  3:40  Probe  
  35  3:46  Stalker  
  37  3:55  Probe  
  38  3:58  Stalker  
  38  4:09  Probe  
  39  4:12  Probe  
  40  4:21  Probe, Twilight Council  
  41  4:24  Probe  
  42  4:33  Probe  
  42  4:36  Probe, Stalker  
  44  4:39  Stalker  
  46  4:52  Blink (Chrono Boost), Pylon  
  46  5:10  Probe x2  
  48  5:17  Adept x2  
  52  5:22  Probe x2  
  52  5:24  Robotics Facility  
  52  5:26  Gateway  
  54  5:38  Probe  
  53  5:43  Probe  
  54  6:00  Pylon  
  54  6:01  Pylon  
  54  6:02  Probe x2  
  48  6:12  Stalker  
  48  6:13  Stalker  
  48  6:14  Probe, Observer  
  48  6:15  Probe  
  53  6:21  Assimilator  
  52  6:26  Probe  
  52  6:30  Probe  
  54  6:33  Nexus  
  54  6:34  Dark Shrine, Pylon  
  54  6:39  Warp Prism (Chrono Boost)  
  56  6:47  Probe x2  
  56  6:52  Assimilator  
  58  6:55  Stalker  
  58  6:59  Probe x2  
  62  7:05  Stalker  
  64  7:11  Probe x2  
  64  7:12  Forge  
  66  7:20  Pylon  
  66  7:23  Probe x2  
  66  7:24  Observer (Chrono Boost)  
  66  7:29  Charge (Chrono Boost)  
  69  7:31  Gateway  
  69  7:35  Probe  
  70  7:40  Immortal (Chrono Boost)  
  70  7:43  Protoss Ground Weapons Level 1 (Chrono Boost)  
  72  7:47  Dark Templar  
  72  7:48  Dark Templar  
  73  7:53  Probe  
  73  7:54  Probe x2  
  73  7:55  Shield Battery  
  76  8:04  Stalker  
  78  8:05  Probe  
  78  8:11  Gateway  
  79  8:14  Probe x2  
  81  8:21  Dark Templar  
  81  8:22  Probe  
  81  8:24  Pylon  
  81  8:26  Probe  
  81  8:27  Probe  
  82  8:35  Stalker x2  
  82  8:37  Gateway  
  82  8:39  Gateway  
  82  8:40  Gateway  
  85  8:47  Photon Cannon  
  84  8:51  Shadow Stride (Chrono Boost)  
  84  8:53  Dark Templar  
  86  9:00  Stalker x3  
  92  9:02  Pylon  
  92  9:06  Pylon  
  92  9:15  Stalker  
  92  9:18  Nexus  
  92  9:22  Stalker  
  94  9:28  Stalker x2  
  91  9:34  Stalker  
  91  9:35  Stalker  
  91  9:38  Probe x2  
  95  9:41  Stalker  
  95  9:43  Probe  
  94  9:48  Stalker  
  94  9:49  Stalker  
  94  9:50  Probe, Protoss Ground Weapons Level 2 (Chrono Boost)  
  97  9:53  Shield Battery  
  93  10:04  Zealot x3  
  93  10:06  Dark Templar  
  101  10:14  Zealot x3  
  101  10:19  Zealot  
  99  10:27  Stalker x3  
  91  10:40  Stalker x2  
  91  10:41  Stalker x2  
  99  10:52  Stalker x3  
  99  10:56  Pylon  
  105  11:00  Nexus  
  105  11:01  Probe x2  
  105  11:02  Probe  
  108  11:06  Assimilator  
  108  11:16  Dark Templar  
  108  11:18  Stalker x3  
  114  11:19  Probe x2  
  114  11:20  Probe  
  117  11:25  Shield Battery  
  117  11:26  Shield Battery  
  117  11:36  Pylon  
  117  11:44  Probe, Observer  
  117  11:54  Probe x2, Stalker x2  
  119  11:55  Stalker  
  119  11:58  Pylon  
  119  11:59  Pylon  
  119  12:01  Probe, Pylon, Forge  
  123  12:02  Pylon, Protoss Ground Weapons Level 3 (Chrono Boost)  
  124  12:14  Stalker  
  124  12:15  Stalker x2  
  130  12:18  Assimilator  
  130  12:21  Observer (Chrono Boost)  
  131  12:26  Zealot  
  131  12:27  Zealot x4  
  141  12:31  Protoss Ground Armor Level 1 (Chrono Boost)  
  141  12:32  Probe x4  
  139  12:44  Probe  
  139  12:50  Stalker x6  
  148  12:57  Observer  
  149  13:03  Nexus  
  149  13:04  Pylon  
  146  13:07  Probe x3  
  146  13:08  Probe  
  148  13:17  Pylon  
  148  13:18  Observer  
  148  13:19  Probe, Stalker x4  
  158  13:23  Stalker x2  
  162  13:28  Photon Cannon  
  154  13:43  Stalker x6  
  154  13:46  Observer  
  167  13:50  Probe  
  167  13:51  Probe x2, Photon Cannon  
  167  13:52  Probe, Shield Battery  
  168  14:10  Photon Cannon  
  168  14:11  Pylon, Stalker x4  
  168  14:12  Probe x2  
  168  14:14  Probe  
  168  14:15  Probe x2  
  169  14:34  Stalker x4  
  169  14:35  Stalker x4  
  151  14:58  Gateway  
  151  14:59  Stalker x2  
  151  15:00  Gateway, Stalker x6  
  153  15:13  Gateway  
  141  15:15  Gateway  
  133  15:19  Gateway  
Show
View Real Time Build Order
Export as new Build Order

Cyan Protoss 

Build Orders: Oracle Opening 

Get SALT Encoding   

  12  0:00  Probe  
  13  0:12  Probe  
  14  0:19  Pylon  
  14  0:24  Probe  
  15  0:37  Probe (Chrono Boost)  
  15  0:40  Gateway  
  16  0:46  Probe (Chrono Boost)  
  16  0:49  Assimilator  
  17  0:51  Probe (Chrono Boost)  
  18  0:57  Assimilator  
  18  1:03  Probe (Chrono Boost)  
  19  1:06  Pylon  
  19  1:14  Probe (Chrono Boost)  
  20  1:19  Probe (Chrono Boost)  
  21  1:28  Cybernetics Core  
  21  1:30  Zealot  
  21  1:31  Probe  
  24  1:43  Probe  
  25  1:55  Pylon  
  25  2:02  Probe  
  25  2:06  Adept (Chrono Boost)  
  26  2:09  Stargate  
  28  2:17  Shield Battery  
  28  2:18  Shield Battery  
  28  2:29  Shield Battery  
  28  2:34  Adept  
  30  2:41  Probe  
  30  2:54  Oracle (Chrono Boost)  
  30  2:57  Probe  
  34  3:13  Stalker  
  34  3:15  Nexus  
  34  3:21  Warp Gate  
  34  3:22  Pylon  
  38  3:38  Void Ray  
  38  3:39  Probe  
  39  3:51  Probe, Pylon  
  40  4:07  Pylon  
  39  4:11  Probe  
  44  4:21  Void Ray  
  44  4:25  Pylon  
  44  4:29  Probe  
  44  4:30  Probe  
  44  4:35  Gateway  
  44  4:41  Probe  
  44  4:44  Probe  
  46  4:50  Shield Battery  
  45  4:53  Probe  
  45  4:56  Probe  
  47  5:02  Pylon  
  47  5:05  Probe  
  48  5:08  Probe  
  48  5:12  Stalker  
  51  5:17  Probe  
  51  5:20  Probe  
  53  5:21  Shield Battery  
  53  5:30  Twilight Council  
  53  5:33  Zealot  
  53  5:36  Probe  
  53  5:37  Probe  
  52  5:44  Stalker  
  52  5:48  Probe  
  52  5:49  Probe  
  52  5:59  Blink (Chrono Boost)  
  52  6:00  Probe  
  52  6:02  Probe (Chrono Boost)  
  50  6:12  Probe (Chrono Boost)  
  50  6:15  Robotics Facility  
  51  6:19  Probe (Chrono Boost)  
  51  6:23  Probe (Chrono Boost)  
  53  6:27  Probe (Chrono Boost), Gateway  
  53  6:31  Probe (Chrono Boost)  
  54  6:34  Probe (Chrono Boost), Sentry  
  54  6:35  Sentry  
  54  6:36  Probe (Chrono Boost)  
  60  6:40  Probe  
  60  6:45  Probe, Gateway  
  60  6:47  Pylon  
  62  6:52  Probe  
  63  6:59  Stalker x2  
  67  7:06  Probe  
  66  7:14  Nexus  
  67  7:15  Observer  
  67  7:17  Probe  
  65  7:24  Stalker x2  
  65  7:29  Stalker  
  71  7:34  Pylon  
  71  7:47  Stalker  
  71  7:48  Stalker  
  71  7:49  Probe x2  
  77  7:51  Assimilator  
  77  7:53  Forge  
  77  7:54  Adept  
  79  7:59  Stalker  
  79  8:01  Probe x2  
  79  8:03  Observer (Chrono Boost)  
  82  8:10  Gateway  
  77  8:18  Stalker  
  78  8:22  Observer (Chrono Boost)  
  77  8:30  Stalker  
  75  8:35  Probe (Chrono Boost)  
  75  8:37  Probe (Chrono Boost)  
  78  8:42  Probe (Chrono Boost)  
  78  8:46  Probe (Chrono Boost)  
  80  8:49  Probe (Chrono Boost), Protoss Ground Weapons Level 1 (Chrono Boost)  
  80  8:51  Probe (Chrono Boost)  
  83  8:58  Probe x2 (Chrono Boost)  
  83  8:59  Probe (Chrono Boost)  
  84  9:06  Probe (Chrono Boost)  
  84  9:08  Stalker x2  
  84  9:09  Probe x2 (Chrono Boost), Pylon  
  91  9:11  Probe (Chrono Boost)  
  91  9:16  Probe  
  93  9:20  Probe  
  93  9:21  Stalker x2  
  91  9:34  Probe  
  91  9:35  Probe  
  90  9:38  Stalker  
  90  9:39  Stalker  
  90  9:40  Probe  
  95  9:46  Probe  
  95  9:49  Probe  
  95  9:50  Photon Cannon  
  97  9:53  Probe  
  97  9:56  Stalker  
  97  9:57  Stalker  
  97  9:59  Probe  
  97  10:02  Probe  
  97  10:05  Stalker  
  100  10:13  Stalker  
  100  10:14  Probe  
  93  10:27  Stalker  
  91  10:30  Gateway  
  91  10:31  Probe  
  91  10:32  Assimilator  
  91  10:33  Probe, Pylon, Stalker  
  95  10:36  Gateway x2  
  95  10:38  Zealot  
  95  10:41  Probe  
  98  10:43  Probe  
  98  10:46  Probe  
  98  10:49  Stalker  
  100  10:53  Probe, Photon Cannon x2  
  101  11:01  Nexus, Protoss Ground Weapons Level 2 (Chrono Boost)  
  101  11:02  Pylon  
  101  11:09  Photon Cannon  
  101  11:11  Pylon  
  101  11:12  Stalker  
  103  11:19  Stalker  
  103  11:23  Pylon, Stalker  
  107  11:26  Stalker  
  107  11:29  Shield Battery  
  107  11:31  Pylon, Stalker  
  111  11:36  Gateway  
  111  11:38  Photon Cannon  
  111  11:41  Sentry  
  111  11:45  Probe  
  113  11:50  Shield Battery  
  113  11:51  Pylon, Stalker  
  115  11:54  Probe  
  115  11:55  Zealot  
  115  11:57  Probe  
  115  11:59  Pylon  
  119  12:04  Stalker  
  119  12:05  Stalker  
  119  12:07  Stalker  
  125  12:10  Charge (Chrono Boost)  
  125  12:15  Probe  
  125  12:18  Probe x2  
  125  12:22  Shield Battery  
  128  12:24  Photon Cannon  
  128  12:25  Pylon  
  126  12:31  Pylon  
  126  12:32  Probe  
  126  12:33  Stalker x2  
  131  12:37  Stalker  
  127  12:46  Stalker x2  
  127  12:47  Photon Cannon  
  127  12:48  Shield Battery  
  127  12:51  Stalker  
  128  12:53  Probe x2  
  128  12:55  Probe  
  128  12:56  Stalker  
  130  13:05  Stalker, Photon Cannon  
  132  13:09  Shield Battery  
  132  13:10  Probe, Photon Cannon  
  131  13:15  Stalker  
  131  13:19  Probe  
  134  13:22  Probe  
  134  13:24  Observer  
  134  13:25  Stalker  
  134  13:26  Probe  
  139  13:31  Shield Battery  
  139  13:34  Pylon  
  137  13:42  Nexus  
  137  13:47  Observer  
  138  13:49  Stalker x3  
  138  13:55  Probe, Pylon  
  144  14:02  Stalker x2  
  149  14:05  Pylon  
  149  14:07  Zealot  
  151  14:15  Probe x2, Shield Battery  
  151  14:16  Pylon  
  129  14:34  Stalker x5  
  118  14:39  Stalker x2  
  108  14:48  Stalker  
  91  14:59  Stalker x2  
  87  15:00  Zealot x3  
  81  15:07  Stalker  
  81  15:08  Stalker  
  81  15:12  Zealot  
Tags
 
Add a new tag
Caveats
  • Supply blocks, unpowered buildings, or Contaminate may cause inaccurate times.
  • Supply counts are checked every 10 seconds.